AoeStats
← Bioshock

Nomad

509004640Analyzed
3v3 RM · 8d ago on Sep 25, 2026· 30m 21s· 6 players
Game mode
Random Map
Map size
210×210
Population
200
Speed
Normal
Resources
Standard
Victory
Conquest
Starting age
Dark Age
Ending age
Imperial Age
RankedLock teamsTeams togetherTeam positionsShared explorationLock speedFull tech treeHidden civsTurbo modeCheats
Victory
Defeat
🇦🇷 Persians · Argentina
1367
+8
🇦🇷 Maya · Argentina
1126
+17
🇦🇷 Vikings · Argentina
1117
+16
🇲🇽 Spanish · Mexico
1165
-14
🇺🇸 Varangians · United States
1151
-14
🇲🇽 Italians · Mexico
1128
-13
InXision
14:36 Feudal Age
12:52 Loom
15:18 Double-Bit Axe
18:23 Castle Age
17:31 Fletching
20:39 Bow Saw
20:43 Bodkin Arrow
22:35 Bloodlines
23:34 Wheelbarrow
24:44 Ballistics
28:35 Scale Barding Armor
31:15 Hand Cart
er0208
6:20 Loom
14:28 Feudal Age
15:25 Double-Bit Axe
19:22 Town Watch
24:31 Castle Age
25:58 Wheelbarrow
KINGUARDIANS
5:35 Loom
13:10 Feudal Age
19:46 Castle Age
18:44 Double-Bit Axe
20:20 Town Watch
20:58 Padded Archer Armor
22:10 Fletching
Bioshock
13:48 Feudal Age
13:37 Loom
15:35 Fishing Lines
23:16 Castle Age
21:31 Fletching
25:58 Double-Bit Axe
26:45 Gillnets
29:22 Stone Mining
29:39 Bodkin Arrow
NadiaLaCachorra
4:48 Loom
14:34 Feudal Age
21:54 Castle Age
20:02 Fletching
20:14 Padded Archer Armor
20:08 Gold Mining
20:09 Stone Mining
20:42 Double-Bit Axe
23:25 Bodkin Arrow
25:42 Leather Archer Armor
28:48 Ballistics
Pororoca
7:09 Loom
13:17 Feudal Age
14:32 Double-Bit Axe
19:07 Fletching
21:59 Castle Age
21:20 Horse Collar
22:39 Scale Barding Armor
22:45 Forging
Connection lost

Rejoining the realm…

Still unreachable

The connection could not be restored.

Session expired

The server has moved on; the page needs a fresh start.